AoeStats
← INOX

Arabia

510560597Analyzed
1v1 RM · 1d ago on Oct 1, 2026· 21m 4s· 2 players
Game mode
Random Map
Map size
Tiny (2 player)
Population
200
Speed
Normal
Resources
Standard
Victory
Conquest
Starting age
Dark Age
Ending age
Imperial Age
RankedLock teamsTeams togetherTeam positionsShared explorationLock speedFull tech treeHidden civsTurbo modeCheats
Victory
Defeat
🇩🇪 Magyars · Germany
876
+17
🇫🇷 Japanese · France
892
-29
#m_big
7:54 Loom
10:04 Feudal Age
10:49 Double-Bit Axe
15:19 Bloodlines
16:47 Scale Barding Armor
20:36 Castle Age
18:21 Horse Collar
19:26 Gold Mining
20:54 Fletching
21:48 Bow Saw
INOX
0:52 Loom
15:00 Feudal Age
17:57 Man-at-Arms
Connection lost

Rejoining the realm…

Still unreachable

The connection could not be restored.

Session expired

The server has moved on; the page needs a fresh start.